 Dungeon Crawl Stone Soup version 0.18.1-50-g88ac8fd (webtiles) character file.

152985 imphell the Executioner (level 17, -1/163 HPs)
             Began as a Minotaur Berserker on Sept 26, 2016.
             Was the Champion of Trog.
             Slain by a lajatang of electrocution (11 damage)
             ... on level 2 of the Elven Halls.
             The game lasted 01:34:51 (26449 turns).

imphell the Executioner (Minotaur Berserker)       Turns: 26449, Time: 01:34:52

Health: -1/163     AC: 35    Str: 24    XL:     17   Next: 3%
Magic:  14/14      EV:  8    Int:  8    God:    Trog [******]
Gold:   2879       SH:  0    Dex: 11    Spells: 0 memorised, 16 levels left

rFire  + . .     SeeInvis .     R - +9 executioner's axe (elec)
rCold  . . .     Gourm    .     J - +9 plate armour "Coesurph" {+Blink Slay+3}
rNeg   . . .     Faith    .     (shield currently unavailable)
rPois  +         Spirit   .     Q - +1 hat
rElec  .         Dismiss  .     q - +2 cloak {rPois}
rCorr  .         Reflect  .     j - +0 pair of gloves
SustAt .         Harm     .     T - +1 pair of boots {run}
MR     +....                    m - amulet of regeneration
Stlth  ..........               s - +4 ring of strength
                                W - ring of the Median {+Fly rPois rF+ Dex-2}

@: invisible, quick, somewhat resistant to hostile enchantments, extremely
unstealthy
A: retaliatory headbutt, horns 2, thin metallic scales 1, low mp 1, weak 1
a: Berserk, Trog's Hand, Brothers in Arms, Burn Spellbooks, Renounce Religion,
Evoke Blink, Evoke Flight


You were on level 2 of the Elven Halls.
You worshipped Trog.
Trog was exalted by your worship.
You were not hungry.

You visited 5 branches of the dungeon, and saw 28 of its levels.
You visited the Abyss 1 time.
You also visited: Labyrinth, Bailey and Ice Cave.

You collected 2991 gold pieces.
You spent 112 gold pieces at shops.

Inventory:

Hand Weapons
 N - a +10 longbow
 R - a +9 executioner's axe of electrocution (weapon)
Missiles
 a - 462 arrows
 r - 8 tomahawks of returning (quivered)
 w - 8 javelins
 O - 5 silver javelins
Armour
 j - a +0 pair of gloves (worn)
 q - a +2 cloak of poison resistance (worn)
 J - the +9 plate armour "Coesurph" (worn) {+Blink Slay+3}
   (You found it in a labyrinth)

   It affects your accuracy and damage with ranged weapons and melee attacks
   (+3).
   It lets you blink.
 Q - a +1 hat (worn)
 T - a +1 pair of boots of running (worn)
 Y - a +0 fire dragon armour
Jewellery
 m - an amulet of regeneration (around neck)
 s - a +4 ring of strength (right hand)
 u - a +3 ring of dexterity
 I - an uncursed ring of sustain attributes
 K - a +3 ring of protection
 S - an uncursed ring of resist corrosion
 W - the ring of the Median (left hand) {+Fly rPois rF+ Dex-2}
   (You found it in an ice cave)

   [ring of poison resistance]

   It affects your dexterity (-2).
   It protects you from fire.
   It protects you from poison.
   It lets you fly.
 X - an uncursed ring of protection from cold
 Z - an uncursed ring of ice
Wands
 d - a wand of teleportation (3/9)
 e - a wand of flame (29/48)
 f - a wand of heal wounds (2/9)
 h - a wand of lightning (8/15)
 i - a wand of flame (36/48)
 A - a wand of iceblast (10/15)
 C - a wand of lightning (11/15)
 F - a wand of disintegration (10/24)
Scrolls
 g - a scroll of identify
 l - a scroll of magic mapping
 n - a scroll of fear
 o - 6 scrolls of enchant armour
 y - 13 scrolls of remove curse
 D - 2 scrolls of enchant weapon
 G - 6 scrolls of recharging
 L - 2 scrolls of fog
Potions
 k - 3 potions of haste
 t - 3 potions of cancellation
 x - a potion of mutation
 z - 3 potions of lignification
 E - 3 potions of might
 H - 8 potions of curing
 P - 3 potions of flight
 U - a potion of resistance
Comestibles
 b - 18 meat rations
 c - 4 bread rations
 M - a royal jelly
 V - 6 slices of pizza


   Skills:
 + Level 17.8 Fighting
 * Level 23.5 Axes
 + Level 13.0 Bows
 - Level 13.1 Armour
 - Level 2.1 Dodging


You had 16 spell levels left.
You didn't know any spells.

Dungeon Overview and Level Annotations

Branches:
Dungeon (15/15) Temple (1/1) D:7 Lair (8/8) D:9 Shoals (0/4) Lair:3 Snake (0/4) Lair:6 Slime (0/6) Lair:8 Orc (2/2) D:12 Elf (2/3) Orc:2 Vaults (0/5) D:12 D:13 Depths (0/5) D:15

Altars:
Ashenzari
Cheibriados
Dithmenos
Elyvilon
Fedhas
Gozag
Kikubaaqudgha
Makhleb
Nemelex Xobeh
Okawaru
Pakellas
Qazlal
Ru
Sif Muna
Trog
Vehumet
Xom
Yredelemnul
Zin
The Shining One
Beogh

Shops:
Orc:2 =[*(


Innate Abilities, Weirdness & Mutations

You reflexively headbutt those who attack you in melee.
You have a pair of horns on your head.
You are partially covered in thin metallic scales (AC +2).
Your magical capacity is low (-10% MP).
You are weak. (Str -2)


Message History

The lajatang of electrocution hits you!
The deep elf knight hits you with a long sword.
* * * LOW HITPOINT WARNING * * *
The halberd of distortion hits you!
* * * LOW HITPOINT WARNING * * *
You feel strangely stable.
Drink which item? (? for menu, Esc to quit)
You fade into invisibility!
The lajatang of electrocution barely misses you.
The hand axe of electrocution hits you but does no damage.
You are electrocuted!
* * * LOW HITPOINT WARNING * * *
The deep elf knight gestures wildly while chanting.
The deep elf knight flickers and vanishes!
The halberd of distortion hits you!
* * * LOW HITPOINT WARNING * * *
Space bends around you.
* * * LOW HITPOINT WARNING * * *
The lajatang of electrocution hits you!
You die...

....... #......
##.....## .
#.......### ..
..§.e.....##...
...............
......(ee......
...e..(@(......
...............
...............
..§.E({........
...............
...............
...............
...............


You could see 2 deep elf knights, an earth elemental, 2 deep elf magi and 4
dancing weapons.

Vanquished Creatures
  A profane servitor (Abyss:4)
  Rupert (D:12)
  A frost giant (IceCv)
  Donald (D:12)
  2 orc warlords (Orc:2)
  A stone giant (Orc:1)
  Nessos (Lair:8)
  Azrael (D:12)
  A deep elf annihilator (Elf:1)
  A minotaur (Lab)
  Snorg (D:11)
  Josephine (D:11)
  Fannar (D:11)
  8 hydras
  An ice dragon (D:15)
  A centaur warrior (D:15)
  2 dancing weapons (Elf:1)
  7 death yaks
  5 thrashing horrors (Abyss:4)
  Urug (Lair:3)
  2 orc high priests (Orc:2)
  4 deep elf knights
  A wretched star (Abyss:4)
  The ghost of GFox the Blocker, a novice FoFi (D:6)
  9 skeletal warriors
  A spatial maelstrom (Abyss:4)
  7 unseen horrors
  5 hill giants
  4 deep elf archers (Elf:1)
  4 orc knights (Orc:2)
  A necromancer (D:11)
  5 orc sorcerers (Orc:2)
  3 cyclopes
  A hornet (D:12)
  A griffon (Lair:6)
  14 ugly things
  2 manticores (D:12)
  27 deep elf magi
  A sixfirhy (Abyss:4)
  Maurice (D:8)
  Psyche (D:8)
  2 sirens (Lair:3)
  3 black mambas
  38 elephants
  An ice statue (IceCv)
  7 spiny frogs
  2 gargoyles
  6 komodo dragons
  An efreet (D:15)
  A kobold demonologist (D:11)
  A torpor snail (Lair:7)
  A redback zombie (D:14)
  4 rime drakes
  A tormentor (Abyss:4)
  2 spriggan druids (Lair:8)
  An ancient zyme (Abyss:4)
  The ghost of Drunkenshrew the Skirmisher, an amateur DrGl (D:4)
  12 trolls
  2 merfolk (Lair:3)
  4 two-headed ogres
  22 polar bears
  A minotaur skeleton (Lab)
  14 blink frogs
  A boulder beetle (Lair:7)
  2 flying skulls (D:11)
  11 spriggans (Lair:8)
  An air elemental (Elf:1)
  2 vampires
  2 water elementals (Elf:1)
  4 wyverns
  8 redbacks
  A wraith (D:13)
  16 humans
  3 fire elementals
  47 yaks
  2 basilisks (Lab)
  14 hippogriffs
  3 hungry ghosts
  2 vampire mosquitoes (D:14)
  A soldier ant (D:12)
  5 wargs (Orc:2)
  6 mottled dragons
  4 hell hounds
  17 water moccasins
  A small abomination (Abyss:4)
  11 porcupines
  4 sky beasts
  33 orc warriors
  An ice beast (D:13)
  4 necrophages
  10 black bears
  4 wasps
  4 phantoms
  4 boggarts (D:14)
  52 wolves
  2 starcursed masses (Abyss:4)
  9 ogres
  8 centaurs
  7 big kobolds
  19 crocodiles
  32 giant frogs
  9 gnoll sergeants
  A wyvern skeleton (D:12)
  5 scorpions
  15 killer bees
  10 wights
  6 howler monkeys
  7 crimson imps
  4 centaur zombies (D:11)
  A wasp zombie (D:11)
  2 giant frog zombies
  5 hounds
  2 quasits
  2 jellies (Lair:8)
  7 gnoll shamans
  4 giant frog skeletons
  10 orc priests
  20 orc wizards
  10 centaur skeletons
  7 iguanas
  13 worker ants
  A hell rat (D:9)
  3 killer bee zombies
  11 sheep
  A hound zombie (D:6)
  2 hound skeletons
  6 worker ant zombies
  28 gnolls
  8 adders
  40 river rats
  3 shadow imps
  12 white imps (Lair:3)
  5 oozes
  An adder skeleton (D:9)
  An adder zombie (D:6)
  3 worms
  A dart slug (D:1)
  5 giant geckos
  97 orcs
  2 ball pythons
  8 giant cockroaches
  13 goblins
  7 hobgoblins
  13 jackals
  5 quokkas
  A ball python skeleton (D:4)
  5 bats
  4 giant newts
  14 kobolds
  A quokka skeleton (D:4)
  10 rats
  10 fungi
  6 plants
1085 creatures vanquished.

Vanquished Creatures (collateral kills)
  A starcursed mass (Abyss:4)
1 creature vanquished.

Vanquished Creatures (others)
  3 river rats (Lair:8)
  6 fungi
  5 plants (Lair:8)
14 creatures vanquished.

Grand Total: 1100 creatures vanquished

Notes
Turn   | Place    | Note
--------------------------------------------------------------
     0 | D:1      | imphell the Minotaur Berserker began the quest for the Orb.
     0 | D:1      | Reached XP level 1. HP: 19/19 MP: 0/0
   156 | D:1      | Reached skill level 4 in Axes
   156 | D:1      | Reached XP level 2. HP: 27/27 MP: 1/1
   448 | D:1      | Reached XP level 3. HP: 29/33 MP: 2/2
   546 | D:1      | Reached ** piety under Trog
  1674 | D:2      | Found a shimmering altar of Xom.
  1950 | D:3      | Reached skill level 5 in Axes
  1951 | D:3      | Reached XP level 4. HP: 36/40 MP: 3/3
  2221 | D:3      | Found a shattered altar of Ashenzari.
  2377 | D:3      | Reached *** piety under Trog
  2740 | D:3      | Found a basalt altar of Yredelemnul.
  2741 | D:3      | Found a deep blue altar of Sif Muna.
  2870 | D:3      | Reached XP level 5. HP: 47/47 MP: 4/4
  2969 | D:4      | Noticed Drunkenshrew's ghost (amateur DrGl)
  2984 | D:4      | Killed Drunkenshrew's ghost
  2984 | D:4      | Reached skill level 5 in Fighting
  2984 | D:4      | Reached skill level 6 in Axes
  2984 | D:4      | Reached XP level 6. HP: 56/56 MP: 5/5
  3195 | D:4      | Reached skill level 7 in Axes
  3195 | D:4      | Reached skill level 5 in Armour
  3277 | D:4      | Reached XP level 7. HP: 61/61 MP: 6/6
  3497 | D:4      | Found an opulent altar of Gozag.
  3502 | D:4      | Found a sparkling altar of Nemelex Xobeh.
  3744 | D:5      | Entered Level 5 of the Dungeon
  3992 | D:5      | Reached skill level 8 in Axes
  4772 | D:6      | Found an ancient bone altar of Kikubaaqudgha.
  4814 | D:6      | Noticed a hippogriff
  4824 | D:6      | Killed a hippogriff
  4825 | D:6      | Reached XP level 8. HP: 36/71 MP: 7/7
  4826 | D:6      | Noticed GFox's ghost (novice FoFi)
  4848 | D:6      | Killed GFox's ghost
  4848 | D:6      | Reached skill level 10 in Axes
  4885 | D:6      | Found a glowing golden altar of the Shining One.
  5231 | D:7      | Found a snail-covered altar of Cheibriados.
  5260 | D:7      | Found a staircase to the Ecumenical Temple.
  5274 | Temple   | Entered the Ecumenical Temple
  5549 | D:7      | Reached **** piety under Trog
  5635 | D:7      | Reached XP level 9. HP: 73/81 MP: 8/8
  5921 | D:7      | Reached skill level 11 in Axes
  6017 | D:7      | Found a blossoming altar of Fedhas.
  6293 | D:8      | Found a flagged portal.
  6331 | D:8      | Reached ***** piety under Trog
  6349 | Bailey   | Entered a bailey
  6426 | Bailey   | Reached skill level 12 in Axes
  6629 | Bailey   | Reached XP level 10. HP: 91/91 MP: 9/9
  6871 | D:8      | Found a radiant altar of Vehumet.
  7077 | D:8      | Noticed Maurice
  7089 | D:8      | Killed Maurice
  7089 | D:8      | Reached skill level 13 in Axes
  7159 | D:8      | Found a shadowy altar of Dithmenos.
  7388 | D:8      | Noticed Psyche
  7399 | D:8      | Killed Psyche
  7399 | D:8      | Reached skill level 10 in Fighting
  7406 | D:8      | Received a gift from Trog
  7734 | D:9      | Reached skill level 10 in Armour
  7795 | D:9      | Reached skill level 14 in Axes
  7824 | D:9      | Received a gift from Trog
  7898 | D:9      | Found a staircase to the Lair.
  7988 | D:9      | Reached XP level 11. HP: 84/101 MP: 3/10
  7991 | D:9      | Killed an unseen horror
  8278 | D:10     | Entered Level 10 of the Dungeon
  8512 | D:10     | Noticed a hill giant
  8517 | D:10     | Killed a hill giant
  8587 | D:10     | Noticed a hill giant
  8592 | D:10     | Killed a hill giant
  8631 | D:10     | Reached skill level 15 in Axes
  8955 | D:10     | Killed an unseen horror
  9092 | D:11     | Killed an unseen horror
  9095 | D:11     | Noticed Snorg
  9114 | D:11     | Killed Snorg
  9188 | D:11     | Gained mutation: You are weak. (Str -2) [potion of mutation]
  9188 | D:11     | Gained mutation: Your magical capacity is low (-10% MP). [potion of mutation]
  9188 | D:11     | Gained mutation: You are partially covered in thin metallic scales (AC +2). [potion of mutation]
  9207 | D:11     | Noticed a necromancer
  9208 | D:11     | Noticed Josephine
  9273 | Lair:1   | Entered Level 1 of the Lair of Beasts
  9543 | Lair:1   | Reached skill level 16 in Axes
  9545 | Lair:1   | Reached XP level 12. HP: 107/112 MP: 3/9
  9613 | Lair:1   | Reached ****** piety under Trog
  9705 | Lair:1   | Received a gift from Trog
 10129 | Lair:2   | Reached skill level 1 in Bows
 10728 | Lair:3   | Noticed Urug
 10744 | Lair:3   | Killed Urug
 10862 | Lair:3   | Found a staircase to the Shoals.
 10944 | Lair:3   | Found a frozen archway.
 10950 | Lair:3   | Reached skill level 17 in Axes
 10955 | Lair:3   | Received a gift from Trog
 11013 | IceCv    | Entered an ice cave
 11346 | IceCv    | Noticed a death yak
 11359 | IceCv    | Killed a death yak
 11417 | IceCv    | Reached XP level 13. HP: 113/122 MP: 3/10
 11538 | IceCv    | Noticed a frost giant
 11569 | IceCv    | Reached skill level 5 in Bows
 11575 | IceCv    | Killed a frost giant
 11651 | IceCv    | Got a coiled silver ring
 11909 | Lair:3   | Identified the ring of the Median {+Fly rPois rF+ Dex-2} (You found it in an ice cave)
 13020 | Lair:4   | Reached skill level 18 in Axes
 14261 | Lair:6   | Received a gift from Trog
 14361 | Lair:6   | Found a staircase to the Snake Pit.
 14599 | Lair:6   | Identified a +1 pair of boots of running (You found it on level 6 of the Lair of Beasts)
 15218 | Lair:7   | Received a gift from Trog
 15254 | Lair:7   | Reached skill level 19 in Axes
 15302 | Lair:7   | Reached XP level 14. HP: 133/133 MP: 3/11
 15914 | Lair:7   | Received a gift from Trog
 16512 | Lair:8   | Entered Level 8 of the Lair of Beasts
 16547 | Lair:8   | Identified the Reference Book on the Excruciating Entourage
 16579 | Lair:8   | Noticed Nessos
 16594 | Lair:8   | Found a staircase to the Slime Pits.
 16605 | Lair:8   | Killed Nessos
 16696 | Lair:8   | Reached skill level 15 in Fighting
 16760 | Lair:8   | Received a gift from Trog
 16760 | Lair:8   | Reached skill level 20 in Axes
 16898 | Lair:8   | Found a labyrinth entrance.
 16905 | Lab      | Entered a labyrinth
 17435 | Lab      | Got a faintly glowing plate armour
 17437 | Lab      | Identified the +9 plate armour "Coesurph" {+Blink Slay+3} (You found it in a labyrinth)
 17560 | Lair:8   | Received a gift from Trog
 17708 | Lair:8   | Reached XP level 15. HP: 132/141 MP: 12/12
 17889 | Lair:8   | Received a gift from Trog
 18067 | Lair:8   | Reached skill level 10 in Bows
 18766 | D:11     | Killed Josephine
 19074 | D:11     | Noticed Fannar
 19096 | D:11     | Killed Fannar
 19162 | D:11     | Reached skill level 21 in Axes
 19366 | D:12     | Received a gift from Trog
 19439 | D:12     | Found a staircase to the Orcish Mines.
 19491 | D:12     | Received a gift from Trog
 19712 | D:12     | Noticed Azrael
 19727 | D:12     | Killed Azrael
 20450 | D:13     | Found a gate to the Vaults.
 20450 | D:13     | Noticed Rupert
 20450 | D:13     | Noticed Donald
 20472 | D:12     | Received a gift from Trog
 20473 | D:12     | Killed Rupert
 20722 | D:12     | Killed Donald
 20875 | D:13     | Received a gift from Trog
 22050 | D:14     | Reached skill level 22 in Axes
 22383 | D:14     | Reached XP level 16. HP: 128/152 MP: 13/13
 22818 | D:15     | Entered Level 15 of the Dungeon
 22983 | D:15     | Received a gift from Trog
 23395 | D:15     | Found a staircase to the Depths.
 23534 | Orc:1    | Entered Level 1 of the Orcish Mines
 23534 | Orc:1    | Found an iron altar of Okawaru.
 23686 | Orc:1    | Found a radiant altar of Vehumet.
 23882 | Orc:2    | Entered Level 2 of the Orcish Mines
 23882 | Orc:2    | Found Bovuutz's Antique Armour Shoppe.
 23882 | Orc:2    | Found a roughly hewn altar of Beogh.
 23908 | Orc:2    | Bought a glowing hat for 112 gold pieces
 23949 | Orc:2    | Found Bayn's General Store.
 24049 | Orc:2    | Found a staircase to the Elven Halls.
 24104 | Orc:2    | Received a gift from Trog
 24111 | Orc:2    | Found Riogg's Antique Weapon Boutique.
 24263 | Orc:2    | Found Dumyecwao's Jewellery Boutique.
 24885 | Elf:1    | Entered Level 1 of the Elven Halls
 25043 | Elf:1    | Received a gift from Trog
 25058 | Elf:1    | Reached skill level 23 in Axes
 26171 | Elf:2    | Cast into level 4 of the Abyss (halberd of distortion)
 26296 | Abyss:4  | Noticed a profane servitor
 26311 | Abyss:4  | Killed a profane servitor
 26320 | Abyss:4  | Reached XP level 17. HP: 57/163 MP: 14/14
 26434 | Abyss:4  | Noticed a profane servitor
 26447 | Elf:2    | Escaped the Abyss
 26449 | Elf:2    | Slain by a lajatang of electrocution

Skill      XL: |  1  2  3  4  5  6  7  8  9 10 11 12 13 14 15 16 17 |
---------------+----------------------------------------------------+-----
Axes           | 4 5 6 7 8 10 12 14 16 17 19 20 22 23 | 23.5
Armour         | 3 4 5 6 7 9 10 11 12 13 | 13.1
Fighting       | 4 5 6 7 9 10 12 13 14 15 16 17 | 17.8
Bows           | 4 7 9 11 12 13 | 13.0
Dodging        | |  2.1

Action                   |  1- 3 |  4- 6 |  7- 9 | 10-12 | 13-15 | 16-18 || total
-------------------------+-------+-------+-------+-------+-------+-------++-------
Melee: Hand axe          |   109 |    84 |    55 |       |       |       ||   248
       Headbutt          |    14 |    23 |    64 |   149 |   213 |    67 ||   530
       War axe           |       |       |   224 |   195 |       |       ||   419
       Battleaxe         |       |       |       |   357 |   350 |       ||   707
       Executioner's axe |       |       |       |       |   665 |   335 ||  1000
 Fire: Longbow           |       |       |       |       |     1 |     9 ||    10
Throw: Javelin           |       |       |       |     1 |       |       ||     1
Invok: Berserk           |       |     1 |     4 |     4 |     9 |     2 ||    20
       Trog's Hand       |       |     1 |     1 |       |     3 |       ||     5
       Burn Spellbooks   |       |     1 |       |     3 |     6 |     3 ||    13
       Brothers in Arms  |       |       |       |       |       |     1 ||     1
  Use: Scroll            |       |     8 |     3 |    11 |    20 |    10 ||    52
       Potion            |       |     3 |     3 |     3 |     5 |     3 ||    17
  Eat: Chunk             |     2 |     2 |     7 |    25 |    17 |     9 ||    62
       Bread ration      |     1 |       |       |     3 |     3 |     1 ||     8
       Beef jerky        |       |       |     1 |     1 |     3 |       ||     5
       Fruit             |       |       |     5 |       |    13 |       ||    18
       Pizza             |       |       |     1 |     1 |     2 |     1 ||     5
Armor: Animal skin       |    14 |       |       |       |       |       ||    14
       Ring mail         |     9 |       |       |       |       |       ||     9
       Chain mail        |     7 |    40 |   167 |     2 |       |       ||   216
       Crystal plate arm |       |       |       |   448 |   535 |       ||   983
       Plate armour      |       |       |       |       |   528 |   291 ||   819
       Fire dragon armou |       |       |       |       |    28 |       ||    28
       Skin              |       |       |       |       |     5 |       ||     5
Dodge: Dodged            |    55 |    39 |   164 |   152 |   367 |   107 ||   884
